AoeStats
← BerceauLion3560

Black Forest

509639871Analyzed
2v2 RM · 5d ago on Sep 27, 2026· 49m 24s· 4 players
Game mode
Random Map
Map size
Medium (4 player)
Population
200
Speed
Normal
Resources
Standard
Victory
Conquest
Starting age
Dark Age
Ending age
Imperial Age
RankedLock teamsTeams togetherTeam positionsShared explorationLock speedFull tech treeHidden civsTurbo modeCheats
Victory
Defeat
🇫🇷 Burmese · France
892
+14
🇫🇷 Mongols · France
886
+15
🇮🇹 Chinese · Italy
933
-17
🇩🇪 Burgundians · Germany
786
-12
BerceauLion3560
2:07 Loom
12:06 Feudal Age
13:23 Wheelbarrow
12:57 Gold Mining
20:18 Stone Mining
22:55 Castle Age
20:44 Town Watch
23:10 Horse Collar
26:31 Hand Cart
27:50 Gold Shaft Mining
32:11 Caravan
35:55 Murder Holes
36:21 Ballistics
39:30 Imperial Age
37:15 Treadmill Crane
37:37 Pikeman
37:38 Man-at-Arms
40:26 Scale Barding Armor
40:21 Scale Mail Armor
42:04 Capped Ram
43:59 Town Patrol
LoiMonstre46169
7:15 Loom
9:44 Feudal Age
13:32 Castle Age
13:48 Double-Bit Axe
16:06 Wheelbarrow
17:18 Bow Saw
19:52 Hand Cart
21:02 Horse Collar
22:41 Scale Barding Armor
23:31 Bloodlines
23:37 Heavy Plow
26:19 Chain Barding Armor
26:10 Forging
27:16 Husbandry
27:30 Stone Mining
27:33 Gold Mining
27:50 Town Watch
29:12 Light Cavalry
30:31 Iron Casting
30:42 Gold Shaft Mining
31:18 Ballistics
35:34 Imperial Age
37:27 Blast Furnace
35:53 Elite Steppe Lancer
38:13 Capped Ram
44:51 Siege Ram
LORELLO
0:27 Loom
14:00 Feudal Age
14:24 Horse Collar
14:55 Double-Bit Axe
23:10 Castle Age
21:14 Stone Mining
21:17 Gold Mining
28:06 Heavy Plow
28:32 Bow Saw
32:41 Imperial Age
32:37 Gold Shaft Mining
34:39 Two-Man Saw
36:41 Heavy Rocket Cart
Rammit Inmaass
1:18 Loom
7:18 Double-Bit Axe
11:51 Wheelbarrow
11:15 Horse Collar
15:34 Feudal Age
16:38 Bow Saw
16:53 Heavy Plow
18:15 Fishing Lines
18:53 Gold Mining
19:36 Gillnets
22:08 Gold Shaft Mining
24:16 Castle Age
23:08 Stone Mining
25:28 Hand Cart
25:45 Fletching
25:57 Padded Archer Armor
27:40 Stone Shaft Mining
27:38 Crop Rotation
28:19 Two-Man Saw
32:15 Scale Barding Armor
32:21 Forging
32:25 Pikeman
34:09 Pikeman
37:59 Bodkin Arrow
38:04 Scale Mail Armor
38:40 Iron Casting
47:57 Chain Mail Armor
Connection lost

Rejoining the realm…

Still unreachable

The connection could not be restored.

Session expired

The server has moved on; the page needs a fresh start.